Match 37287430
Unlisted

Match 37287430
End
Kettenkrad Recon Vehicle
Construct Infanterie Kompanie
Grenadier Squad
Grenadier Squad
Selects Breakthrough Battlegroup
Selects Assault Grenadiers
Grenadier Squad
GrW 34 Mortar Team
Construct Panzergrenadier Kompanie
Pak 40 Anti-tank Gun Team
Selects Smoke Bombing Run
drChengele
jdnebel
0
0

Comments sign in to comment!

No comments posted yet!